 Dungeon Crawl Stone Soup version 0.25.1-2-g60ff931df9 (webtiles) character file.

Game seed: 9976554826639746436

4475 funkygono the Geomancer (level 10, -10/56 HPs)
             Began as a Gargoyle Earth Elementalist on Sept 14, 2020.
             Was an Initiate of Sif Muna.
             Mangled by a komodo dragon (22 damage)
             ... on level 1 of the Lair of Beasts on Sept 16, 2020.
             The game lasted 00:32:13 (11304 turns).

funkygono the Geomancer (GrEE)                     Turns: 11304, Time: 00:32:14

Health: -10/56     AC: 16    Str: 13    XL:     10   Next: 38%
Magic:  10/21      EV: 12    Int: 17    God:    Sif Muna [......]
Gold:   524        SH:  0    Dex: 11    Spells: 12/24 levels left

rFire    . . .     SeeInvis .   t - +3 whip (flame)
rCold    + . .     Gourm    .   (no shield)
rNeg     + . .     Faith    .   B - +0 acid dragon scales
rPois    ∞         Spirit   .   D - +0 helmet
rElec    +         Reflect  .   (no cloak)
rCorr    +         Harm     .   (no gloves)
MR       .....                  u - +1 pair of boots
Stlth    ++........             a - amulet of regeneration
HPRegen  0.58/turn              c - +4 ring of slaying
MPRegen  0.17/turn              P - ring of protection from cold

@: no status effects
A: negative energy resistance 1, electricity resistance, unbreathing,
petrification resistance, rot immunity, AC +7
a: Renounce Religion


You were on level 1 of the Lair of Beasts.
You worshipped Sif Muna.
Sif Muna was noncommittal.
You were not hungry.

You visited 3 branches of the dungeon, and saw 11 of its levels.
You also visited: Ossuary.

You collected 524 gold pieces.

Inventory:

Hand Weapons
 t - a +3 whip of flaming (weapon)
Missiles
 b - 87 stones (quivered)
Armour
 u - a +1 pair of boots (worn)
 B - +0 acid dragon scales (worn)
 D - a +0 helmet (worn)
 G - a +2 robe of positive energy
Magical Staves
 y - an uncursed staff of fire
 H - an uncursed staff of cold
Jewellery
 a - an amulet of regeneration (around neck)
 c - a +4 ring of slaying (left hand)
 n - an uncursed ring of fire
 o - a +6 ring of strength
 C - an uncursed ring of positive energy
 I - an uncursed ring of flight
 P - a ring of protection from cold (right hand)
Wands
 A - a wand of paralysis (8)
 E - a wand of digging (5)
 F - a wand of disintegration (13)
 L - a wand of flame (12)
Scrolls
 h - 2 scrolls of remove curse
 p - 2 scrolls of magic mapping
 w - 5 scrolls of teleportation
Potions
 e - 3 potions of mutation
 i - 3 potions of lignification
 j - 3 potions of brilliance {unknown}
 k - 4 potions of curing
 l - a potion of flight {unknown}
 m - a potion of resistance {unknown}
 q - a potion of magic {unknown}
 r - 2 potions of might
 s - 2 potions of degeneration {unknown}
 v - 3 potions of invisibility
 x - 3 potions of haste
 K - a potion of heal wounds {unknown}
 M - 4 potions of cancellation {unknown}
Comestibles
 d - 19 rations


   Skills:
 + Level 3.0 Fighting
 + Level 3.1 Maces & Flails
 + Level 3.3 Dodging
 - Level 3.0 Stealth
 + Level 7.9 Spellcasting
 + Level 7.4 Conjurations
   Level 0.7 Transmutations
 + Level 10.3 Earth Magic


You had 12 spell levels left.
You knew the following spells:

 Your Spells              Type           Power        Failure   Level  Hunger
a - Magic Dart            Conj           ####         1%          1    None
b - Searing Ray           Conj           ####..       1%          2    None
c - Sandblast             Erth           #####.       1%          1    None
d - Stone Arrow           Conj/Erth      #####.       1%          3    #......
e - Lee's Rapid Deconstr  Erth           #####.....   6%          5    #####..

Your spell library contained the following spells:

 Spells                   Type           Power        Failure   Level  Hunger
 Passwall                 Tmut/Erth      ####....     2%          2    None
 Dazzling Flash           Conj/Hex       ###...       10%         3    #......
 Petrify                  Tmut/Erth      ####....     16%         4    ###....
 Fulminant Prism          Conj/Hex       ###.......   32%         4    ###....
 Iskenderun's Mystic Bla  Conj/Tloc      ###.....     32%         4    ###....


Dungeon Overview and Level Annotations

Branches:
Dungeon (9/15)             Temple (1/1) D:6            Lair (1/6) D:8
Ossuary (visited)
    Orc: D:9-12

Altars:
Ashenzari
Cheibriados
Dithmenos
Elyvilon
Fedhas
Gozag
Hepliaklqana
Kikubaaqudgha
Makhleb
Nemelex Xobeh
Okawaru
Qazlal
Ru
Sif Muna
Uskayaw
Vehumet
Wu Jian
Xom
Yredelemnul
Zin
The Shining One

Shops:
D:6 %

Annotations:
D:8 2 transporters, funkygono's ghost, novice TrFi


Innate Abilities, Weirdness & Mutations

You are resistant to torment.
Your stone body is resilient. (AC +7)
You are immune to poison.
You resist negative energy. (rN+)
You are resistant to electric shocks. (rElec)
You can survive without breathing.
You are immune to petrification.
You are immune to rotting.


Message History

Aiming: Searing Ray (safe; 1% risk of failure)
Press: ? - help, Shift-Dir - straight line, f/p - komodo dragon
Aim: a komodo dragon (heavily wounded)
The searing ray hits the komodo dragon!
The komodo dragon is almost dead.
The searing ray hits the water moccasin.
The water moccasin is lightly wounded. (Press . to maintain the ray.)
The komodo dragon bites you!
The searing ray hits the komodo dragon.
The komodo dragon is almost dead.
The searing ray misses the water moccasin.
The komodo dragon bites you!!
* * * LOW HITPOINT WARNING * * *
The searing ray hits the komodo dragon.
The komodo dragon is almost dead.
The searing ray hits the water moccasin.
The water moccasin is moderately wounded.
The komodo dragon bites you!!
You die...

#.###P.#.#######
...............#
.....######....####
. ####.P# #.......#
.. #.## #.......#
... #.# #.......#
...♣ ## #.#
#......##.....
.###.#
#..[..##..%.#
###..#
#.....@lS...#
..##.##
#......♣..###
≈≈....# #.......
#.# ≈....####
#.....#+# #
.<...............
≈................
≈≈.#####.........
≈≈.# ....... ≈≈.# .


You could see a komodo dragon and a water moccasin.

Vanquished Creatures
  Harold (D:7)
  Pikel (D:4)
  Maggie (D:6)
  Sigmund (D:5)
  Eustachio (D:6)
  Edmund (D:5)
  A water moccasin (D:8)
  A porcupine (Lair:1)
  An orc warrior (D:6)
  2 ice beasts
  A black bear (D:6)
  2 ogres
  A phantom (D:4)
  2 centaurs (D:6)
  An elf zombie (Ossuary)
  A bullfrog (D:7)
  A scorpion (D:7)
  9 killer bees
  A howler monkey (D:5)
  8 crimson imps
  A lava snake (D:7)
  2 human zombies (Ossuary)
  2 centaur zombies (Ossuary)
  2 orc priests
  3 hounds
  2 orc wizards
  2 iguanas
  3 worker ants
  A big kobold zombie (Ossuary)
  2 mummies (Ossuary)
  9 adders
  4 shadow imps
  2 adder zombies
  2 adder skeletons
  6 worms
  4 dart slugs
  5 leopard geckos
  19 orcs
  6 giant cockroaches
  6 goblins
  11 hobgoblins
  4 jackals
  7 kobolds
  A quokka (D:6)
  A bat (D:1)
  6 frilled lizards
  A goblin zombie (Ossuary)
  15 hobgoblin zombies (Ossuary)
  10 kobold zombies
  A leopard gecko skeleton (D:8)
  6 orc zombies (Ossuary)
  11 rats
195 creatures vanquished.

Notes
Turn   | Place    | Note
-------+----------+-------------------------------------------
     0 | D:1      | funkygono the Gargoyle Earth Elementalist began the quest
                  | for the Orb.
     0 | D:1      | Reached XP level 1. HP: 10/10 MP: 3/3
   141 | D:1      | Reached skill level 4 in Earth Magic
   168 | D:1      | Reached XP level 2. HP: 15/15 MP: 3/5
   956 | D:2      | Reached XP level 3. HP: 19/19 MP: 4/6
  1138 | D:2      | Learned a level 3 spell: Stone Arrow
  1356 | D:2      | Found an iron altar of Okawaru.
  1537 | D:2      | Found a stormy altar of Qazlal.
  1833 | D:2      | Reached skill level 5 in Earth Magic
  1862 | D:2      | Found a faded altar of an unknown god.
  1922 | D:2      | Reached XP level 4. HP: 24/24 MP: 2/7
  2302 | D:3      | Reached XP level 5. HP: 28/28 MP: 4/9
  2548 | D:3      | Found a hide-covered altar of Uskayaw.
  2895 | D:3      | Reached skill level 1 in Conjurations
  2939 | D:3      | Reached skill level 6 in Earth Magic
  3608 | D:4      | Noticed a slave
  3609 | D:4      | Noticed Pikel
  3609 | D:4      | Noticed a slave
  3609 | D:4      | Noticed a slave
  3611 | D:4      | Noticed a slave
  3661 | D:4      | Killed Pikel
  3661 | D:4      | Reached skill level 7 in Earth Magic
  3661 | D:4      | Reached XP level 6. HP: 30/33 MP: 1/12
  3661 | D:4      | Reached XP level 7. HP: 34/37 MP: 1/13
  3838 | D:4      | Reached skill level 8 in Earth Magic
  4129 | D:4      | Found a shimmering altar of Xom.
  4134 | D:4      | Reached XP level 8. HP: 38/42 MP: 6/14
  4141 | D:4      | Reached skill level 9 in Earth Magic
  4342 | D:4      | Found a hazy altar of Hepliaklqana.
  4375 | D:4      | Found the +9 sword of Zonguldrok {reap}
  4437 | D:4      | Learned a level 1 spell: Magic Dart
  4440 | D:4      | Learned a level 2 spell: Searing Ray
  4446 | D:4      | Learned a level 5 spell: Lee's Rapid Deconstruction
  4455 | D:5      | Entered Level 5 of the Dungeon
  4501 | D:5      | Found a sand-covered staircase.
  4556 | Ossuary  | Entered an ossuary
  5136 | Ossuary  | Reached skill level 1 in Maces & Flails
  5264 | Ossuary  | Reached skill level 1 in Fighting
  5773 | D:5      | Reached skill level 5 in Spellcasting
  6101 | D:5      | Noticed Edmund
  6117 | D:5      | Killed Edmund
  6270 | D:5      | Noticed Sigmund
  6277 | D:5      | Killed Sigmund
  6382 | D:5      | Reached XP level 9. HP: 48/48 MP: 5/17
  7020 | D:6      | Noticed Eustachio
  7289 | D:6      | Reached skill level 5 in Conjurations
  7409 | D:6      | Noticed Maggie
  7431 | D:6      | Killed Maggie
  7559 | D:6      | Killed Eustachio
  7698 | D:6      | You fall into a shaft and drop 2 floors!
  7725 | D:7      | Noticed Harold
  8068 | D:6      | Reached skill level 10 in Earth Magic
  8156 | D:6      | Found Bizxug's Food Shoppe.
  8536 | D:6      | Found a staircase to the Ecumenical Temple.
  8616 | Temple   | Entered the Ecumenical Temple
  8643 | Temple   | Became a worshipper of Sif Muna the Loreminder
  8958 | D:7      | Found a snail-covered altar of Cheibriados.
  9326 | D:7      | Reached XP level 10. HP: 55/55 MP: 13/20
  9394 | D:7      | Killed Harold
 10301 | D:8      | Found a transporter.
 10302 | D:8      | Noticed funkygono's ghost (novice TrFi)
 10305 | D:8      | Found a transporter.
 10310 | D:8      | Found a staircase to the Lair.
 11232 | Lair:1   | Entered Level 1 of the Lair of Beasts
 11304 | Lair:1   | Mangled by a komodo dragon

Illustrated notes

Levels and vault maps discovered:
D:1:      dpeg_arrival_arbitrary_c, layout_loops_ring
D:2:      layout_basic, old_standard_altar, chequers_ecumenical_altar_simple,
          okawaru_gym_becter
D:3:      layout_basic, eat_drink_and_be_merry_uskayaw,
          hangedman_decor_clover_reticule
D:4:      layout_loops_ring, lemuel_round_altar, led_xom_imps, first_ration,
          uniq_pikel
D:5:      layout_loops_corners, enter_ossuary_3, uniq_sigmund, uniq_edmund
D:6:      layout_gridville, minmay_temple_entry_crystal_x, serial_shops, shop,
          uniq_maggie, uniq_eustachio
D:7:      layout_basic, kennysheep_mini, grunt_ogre_cave, kennysheep_cross_room,
          uniq_harold
D:8:      layout_loops_corners, lair_entry_dummy, gammafunk_ghost_arena
D:9:      cheibrodos_helix_gallery, layout_gridville, marbit_many_paths
Temple:   regret_index_temple_sphere_string
Lair:1:   layout_small_grid, grunt_megastairs_4, infiniplex_staircase_pool

Skill      XL: |  1  2  3  4  5  6  7  8  9 10 |
---------------+-------------------------------+-----
Earth Magic    | 4 5 7 8 9 10 | 10.3
Conjurations   | 2 4 6 7 |  7.4
Spellcasting   | 4 5 7 |  7.9
Dodging        | 2 3 |  3.3
Maces & Flails | 2 3 |  3.1
Fighting       | 2 3 |  3.0
Stealth        | 3 |  3.0
Transmutations | |  0.7

Action                   |  1- 3 |  4- 6 |  7- 9 | 10-12 || total
-------------------------+-------+-------+-------+-------++-------
Melee: Whip              |     7 |    34 |   110 |     5 ||   156
 Cast: Sandblast         |    58 |    51 |    42 |     3 ||   154
       Stone Arrow       |       |    11 |    48 |     9 ||    68
       Magic Dart        |       |       |   144 |    33 ||   177
       Searing Ray       |       |       |    27 |    11 ||    38
       Lee's Rapid Decon |       |       |     1 |     2 ||     3
  Use: Scroll            |     3 |     6 |    12 |     3 ||    24
       Potion            |       |       |     1 |     2 ||     3
  Eat: Chunk             |     4 |     6 |     6 |     2 ||    18
       Ration            |       |       |     5 |     1 ||     6
Armor: Robe              |     5 |    17 |    73 |    16 ||   111
Dodge: Dodged            |    12 |    35 |   110 |    18 ||   175
